Map: Dusk Towers

Players

capac - Winner!

  • Race: Terran Terran
  • League: Gold

A.I. 1 (Elite)

  • Race: Zerg Zerg

VOD

Have the link to the VOD?

Description

Time

  • Played on: March 7, 2016, 1:26 p.m.
  • Length: 11:10
Show
View Real Time Build Order
Export as new Build Order

capac Terran - Winner!

Build Orders:  

Get SALT Encoding   

  12  0:00  SCV  
  13  0:13  SCV  
  14  0:18  Supply Depot  
  14  0:25  SCV  
  15  0:39  SCV  
  16  0:44  Barracks  
  16  0:49  Refinery  
  16  0:51  SCV  
  17  1:03  SCV  
  18  1:15  SCV  
  19  1:28  SCV  
  20  1:35  Barracks Reactor  
  20  1:39  Command Center  
  20  1:44  Orbital Command  
  20  1:58  Supply Depot  
  20  2:13  Marine x2  
  22  2:15  Factory  
  22  2:23  SCV  
  22  2:26  Barracks  
  23  2:39  SCV  
  23  2:42  Marine x2  
  26  2:52  Refinery  
  26  2:55  Orbital Command  
  26  2:57  SCV  
  27  3:00  Marine x2  
  27  3:04  Factory Tech Lab  
  29  3:07  Starport  
  29  3:10  SCV  
  30  3:20  Marine x2  
  30  3:22  Barracks Tech Lab, SCV  
  33  3:34  SCV  
  33  3:36  Siege Tank  
  37  3:44  Supply Depot  
  37  3:47  SCV x2  
  39  3:55  Marine x3  
  42  4:04  SCV  
  42  4:05  Barracks x2  
  42  4:08  SCV  
  42  4:09  Supply Depot  
  44  4:15  Medivac  
  46  4:17  Marine x3  
  46  4:19  SCV  
  50  4:30  Stimpack  
  50  4:41  SCV x2  
  52  4:51  Marine  
  52  4:52  Marine  
  56  4:56  Barracks Reactor x2  
  56  4:59  Siege Tank  
  57  5:00  Supply Depot  
  58  5:07  SCV x2  
  58  5:09  Command Center  
  58  5:12  Refinery  
  58  5:13  Refinery  
  59  5:21  Medivac  
  59  5:24  Marine x3  
  59  5:28  Supply Depot  
  63  5:54  Marine x5  
  63  5:55  Marine x2  
  66  6:01  Supply Depot, Starport Reactor  
  66  6:02  Siege Tank  
  69  6:05  Supply Depot, SCV x2  
  67  6:31  Marine x4  
  67  6:32  Supply Depot, Marine x2  
  73  6:36  Marine  
  73  6:38  Siege Tank  
  77  6:42  Medivac x2  
  77  6:43  SCV  
  77  6:44  SCV  
  83  6:49  Marine x5  
  83  6:50  Marine  
  89  7:02  SCV x2  
  89  7:05  Orbital Command  
  91  7:14  SCV, Medivac x2  
  96  7:33  Marine x4  
  96  7:34  Marine x3  
  96  7:36  Siege Tank  
  106  7:51  Marine  
  107  7:58  Marine  
  107  7:59  Marine x5  
  109  8:09  Marine  
  92  8:16  Marine x2  
  92  8:17  Marine x2  
  95  8:35  Marine  
  95  8:36  Marine x4  
  95  8:37  Marine x2  
  95  8:38  SCV x2  
  103  8:50  SCV x2  
  104  9:26  Marine x2  
  104  9:27  Marine x5  
  111  9:54  Marine  
  111  9:55  Marine x6  
  113  10:08  SCV x3  
  113  10:12  Marine  
  113  10:13  Marine  
  117  10:26  Marine x2, SCV  
  117  10:37  Marine  
  117  10:38  Marine  
  117  10:40  SCV  
  117  10:42  Supply Depot  
Show
View Real Time Build Order
Export as new Build Order

A.I. 1 (Elite) Zerg 

Build Orders: Pool First 

Get SALT Encoding   

  12  0:00  Drone  
  13  0:12  Overlord  
  13  0:17  Drone  
  14  0:30  Drone x2  
  14  0:34  Drone  
  17  0:48  Spawning Pool  
  17  0:49  Drone  
  17  1:10  Hatchery  
  16  1:13  Drone  
  16  1:16  Extractor  
  16  1:18  Extractor  
  15  1:21  Drone  
  15  1:24  Drone  
  17  1:28  Drone  
  18  1:38  Drone  
  19  1:48  Overlord  
  19  1:56  Queen  
  21  2:02  Zergling x2  
  22  2:10  Drone  
  23  2:24  Queen  
  25  2:30  Drone  
  25  2:35  Drone  
  26  2:40  Drone  
  27  2:44  Drone  
  27  2:48  Drone  
  29  3:01  Roach Warren  
  29  3:03  Drone  
  29  3:07  Drone  
  29  3:08  Zergling x2  
  31  3:13  Zergling x2  
  31  3:18  Overlord  
  32  3:22  Drone  
  32  3:24  Drone  
  36  3:41  Roach  
  36  3:42  Roach  
  36  3:43  Roach  
  36  3:44  Roach  
  36  3:48  Lair  
  42  3:53  Overlord  
  42  3:58  Overlord  
  42  4:02  Zergling x2  
  43  4:04  Zergling x2  
  44  4:11  Zergling x2, Drone  
  44  4:12  Drone  
  44  4:14  Drone  
  44  4:16  Drone  
  49  4:20  Drone  
  49  4:23  Roach  
  52  4:27  Roach  
  54  4:32  Overlord  
  54  4:40  Drone  
  54  4:42  Drone  
  54  4:43  Drone  
  57  4:46  Drone  
  57  4:49  Infestation Pit, Drone  
  57  4:52  Overlord  
  58  4:56  Overlord  
  58  4:59  Roach  
  60  5:02  Roach  
  62  5:08  Hydralisk Den  
  62  5:11  Drone  
  62  5:13  Drone  
  63  5:15  Drone  
  63  5:17  Drone  
  63  5:19  Drone  
  63  5:20  Drone  
  67  5:22  Drone  
  67  5:24  Drone  
  67  5:25  Drone  
  67  5:28  Drone  
  71  5:30  Drone  
  71  5:31  Drone  
  71  5:34  Overlord  
  73  5:37  Hydralisk  
  73  5:38  Drone  
  73  5:39  Hydralisk  
  73  5:42  Infestor  
  77  5:45  Roach  
  74  5:52  Zergling x2  
  74  5:54  Zergling x2, Infestor  
  74  5:55  Roach  
  74  5:56  Roach  
  74  6:04  Roach  
  74  6:06  Roach  
  74  6:10  Baneling Nest, Zergling x2, Roach x2  
  80  6:15  Roach  
  80  6:18  Roach  
  82  6:23  Overlord, Roach x2  
  77  6:26  Hydralisk  
  77  6:28  Hydralisk  
  81  6:36  Evolution Chamber  
  81  6:37  Zergling x2  
  81  6:39  Zergling x2  
  82  6:40  Extractor  
  82  6:41  Zergling x4, Metabolic Boost  
  82  6:45  Hatchery  
  82  6:50  Drone  
  83  6:55  Zergling x4, Baneling x3  
  83  6:57  Baneling  
  85  7:02  Drone  
  85  7:03  Zerg Missile Weapons Level 1, Extractor, Drone x2  
  85  7:05  Drone  
  88  7:15  Evolution Chamber  
  87  7:17  Evolution Chamber  
  87  7:22  Overseer  
  86  7:25  Drone x2  
  86  7:26  Overlord, Drone  
  89  7:39  Zergling x2, Baneling  
  89  7:41  Zerg Ground Armor Level 1  
  89  7:43  Zerg Melee Weapons Level 1  
  90  7:45  Ravager  
  90  7:47  Roach  
  93  7:54  Spine Crawler, Ravager  
  93  7:56  Drone  
  93  7:57  Roach, Drone x2  
  93  7:58  Drone x3  
  99  7:59  Zergling x4, Drone  
  99  8:01  Overlord  
  94  8:06  Extractor, Drone  
  94  8:07  Drone  
  94  8:11  Hydralisk  
  82  8:14  Hatchery  
  82  8:17  Roach  
  82  8:19  Roach  
  73  8:21  Roach  
  73  8:23  Roach  
  73  8:27  Hydralisk  
  72  8:30  Drone  
  72  8:31  Drone  
  74  8:34  Drone  
  74  8:36  Drone  
  65  8:52  Zergling x2  
  65  8:54  Zergling x2  
  63  8:56  Roach  
  63  8:58  Roach  
  63  9:01  Roach  
  68  9:03  Roach  
  68  9:06  Roach  
  68  9:08  Hydralisk  
  74  9:10  Drone  
  74  9:12  Drone  
  74  9:14  Zergling x2  
  73  9:19  Zergling x2, Hydralisk  
  73  9:21  Roach  
  73  9:22  Drone  
  73  9:24  Roach  
  71  9:25  Roach  
  71  9:29  Roach  
  71  9:31  Drone  
  71  9:33  Drone  
  71  9:34  Overseer, Drone  
  71  9:35  Drone  
  55  9:44  Zergling x4, Roach  
  48  9:53  Roach  
  48  9:54  Roach  
  29  10:32  Drone x2  
Tags
 
League
Gold
Matchup
TvZ
Opening
Pool First
Add a new tag
Caveats
  • Supply blocks, unpowered buildings, or Contaminate may cause inaccurate times.
  • Supply counts are checked every 10 seconds.